 Dungeon Crawl Stone Soup version 0.26-b1-45-g23770d1d51 (webtiles) character file.

Game seed: 16547053038577580589

31938 scsoc the Blocker (level 13, -2/119 HPs)
             Began as a Minotaur Fighter on Jan 6, 2021.
             Was the Champion of Okawaru.
             Slain by Azrael
             ... wielding a +3 scimitar of flaming
              (17 damage)
             ... on level 14 of the Dungeon.
             The game lasted 00:46:35 (11348 turns).

scsoc the Blocker (Minotaur Fighter)               Turns: 11348, Time: 00:46:36

Health: -2/119     AC: 25    Str: 28      XL:     13   Next: 28%
Magic:  12/12      EV: 14    Int: 10 (11) God:    Okawaru [******]
Gold:   222        SH: 15    Dex:  8      Spells: 12/12 levels left

rFire    + . .     SeeInvis .   t - +7 dagger of Babb {speed, rPois Will+ Int-3 Dex+2}
rCold    . . .     Faith    .   c - +1 kite shield
rNeg     . . .     Spirit   .   y - +1 plate armour {rPois}
rPois    +         Reflect  .   b - +2 hat {Int+3}
rElec    .         Harm     .   s - scarf {repulsion}
rCorr    .         Rampage  .   d - +0 pair of gloves {Str+3}
Will     +....                  k - +2 pair of boots {run}
Stlth    ..........             L - amulet "Qias" {rC+ Regen+ Int+6 Dex-5}
HPRegen  0.69/turn              n - ring of fire
MPRegen  0.13/turn              i - +4 ring of evasion

@: studying Fighting, repel missiles, quick
A: retaliatory headbutt, horns 2, yellow scales 1, poison resistance
a: Renounce Religion, Heroism, Finesse


You were on level 14 of the Dungeon.
You worshipped Okawaru.
Okawaru was exalted by your worship.
You visited 2 branches of the dungeon, and saw 16 of its levels.

You collected 1047 gold pieces.
You spent 825 gold pieces at shops.

Inventory:

Hand Weapons
 t - the +7 dagger of Babb (weapon) {speed, rPois Will+ Int-3 Dex+2}
   (You took it off an orc on level 9 of the Dungeon)

   Attacks with this weapon are significantly faster.
   It affects your intelligence (-3).
   It affects your dexterity (+2).
   It protects you from poison.
   It affects your willpower, your defense against some magical effects.
 G - a +3 vampiric double sword
Armour
 b - a +2 hat of intelligence (worn)
 c - a +1 kite shield (worn)
 d - a +0 pair of gloves of strength (worn)
 k - a +2 pair of boots of running (worn)
 s - a scarf of repulsion (worn)
 u - a scarf of resistance
 y - a +1 plate armour of poison resistance (worn)
Jewellery
 i - a +4 ring of evasion (right hand)
 n - a ring of fire (left hand)
 w - an uncursed ring of ice
 E - an uncursed ring of resist corrosion
 I - an uncursed ring of see invisible
 L - the amulet "Qias" (around neck) {rC+ Regen+ Int+6 Dex-5}
   (You bought it in a shop on level 14 of the Dungeon)

   [amulet of regeneration]

   It affects your intelligence (+6).
   It affects your dexterity (-5).
   It protects you from cold.
   It increases your rate of regeneration.
Wands
 j - a wand of random effects (19)
 p - a wand of paralysis (25)
 x - a wand of iceblast (25)
 D - a wand of acid (9)
Scrolls
 a - a scroll of enchant weapon
 e - a scroll of torment
 f - 10 scrolls of remove curse
 g - 9 scrolls of magic mapping
 l - 6 scrolls of teleportation
 m - 8 scrolls of identify
 o - 2 scrolls of amnesia
 q - a scroll of fog
 C - 2 scrolls of fear
 F - a scroll of random uselessness
 H - 2 scrolls of blinking
Potions
 r - 2 potions of haste
 z - a potion of ambrosia
 A - 2 potions of lignification
 B - 2 potions of flight
 K - a potion of resistance {unknown}
Books
 v - a manual of Fighting


   Skills:
 + Level 12.7 Fighting
 + Level 10.6(12.4) Short Blades
 + Level 11.7(13.5) Long Blades
 + Level 11.2 Armour
 + Level 6.4 Dodging
 + Level 1.2 Stealth
 + Level 14.1 Shields


You had 12 spell levels left.
You didn't know any spells.
Your spell library contained the following spells:

 Spells                   Type           Power        Failure   Level
 Apportation              Tloc           0%           97%         1
 Magic Dart               Conj           0%           97%         1
 Shock                    Conj/Air       0%           97%         1
 Blink                    Tloc           N/A          99%         2
 Call Imp                 Summ           0%           99%         2
 Searing Ray              Conj           0%           99%         2
 Slow                     Hex            0%           99%         2
 Swiftness                Air            0%           99%         2
 Conjure Flame            Conj/Fire      0%           100%        3
 Dazzling Flash           Conj/Hex       0%           100%        3
 Lesser Beckoning         Tloc           0%           100%        3
 Mephitic Cloud           Conj/Pois/Air  0%           100%        3
 Static Discharge         Conj/Air       0%           100%        3
 Tukima's Dance           Hex            0%           100%        3
 Airstrike                Air            0%           100%        4
 Fulminant Prism          Conj/Hex       0%           100%        4
 Iskenderun's Mystic Bla  Conj/Tloc      0%           100%        4
 Alistair's Intoxication  Tmut/Pois      0%           100%        5
 Lightning Bolt           Conj/Air       0%           100%        5
 Invisibility             Hex            0%           100%        6


Dungeon Overview and Level Annotations

Branches:
Dungeon (15/15)            Temple (1/1) D:6            Lair (0/6) D:8
    Orc (0/2) D:11         Vaults (0/5) D:13
 Depths: D:15

Altars:
Ashenzari
Dithmenos
Fedhas
Hepliaklqana
Kikubaaqudgha
Okawaru
Qazlal
Trog
Uskayaw
Wu Jian

Shops:
D:6 (   D:8 }   D:10 *   D:12 ?   D:14 *

Annotations:
D:14 Agnes, Azrael


Innate Abilities, Weirdness & Mutations

You reflexively headbutt those who attack you in melee.
You have a pair of horns on your head.
You are partially covered in yellow scales. (AC +2)
Your system is resistant to poisons. (rPois)


Message History

Azrael is heavily wounded.
You hit Azrael but do no damage.
Azrael is heavily wounded.
Azrael gestures at you.
The sphere of damnation explodes!
The damnation engulfs you!!
* * * LOW HITPOINT WARNING * * *
The damnation engulfs Azrael.
Azrael completely resists.
You hit Azrael but do no damage. You headbutt Azrael.
Azrael is heavily wounded.
You hit Azrael but do no damage. You headbutt Azrael.
Azrael is severely wounded.
You completely miss Azrael. You headbutt Azrael, but do no damage.
Azrael is severely wounded.
Azrael gestures at you. You block the sticky flame.
You hit Azrael but do no damage. You headbutt Azrael, but do no damage.
Azrael is severely wounded.
You feel better.
Azrael hits you with a +3 scimitar of flaming!
You die...

### ..# #.# #.#
#.# #.## #..##
###...#
+.@.#'#####
###R#.#...#
#?..°E○i#.#.#.#
.....ihh#.#.#.#
.....°°.#.#.#.#
......°.#...#.#
#.O.....#####.#
........#...#.#
........#.#.#.#


You could see Agnes, Azrael (strong) and a hell hound.

Vanquished Creatures
  Kirke (D:12)
  Snorg (D:11)
  Josephine (D:14)
  Fannar (D:11)
  4 vault guards (D:13)
  2 hydras
  A two-headed ogre (D:11)
  Nergalle (D:12)
  An orange crystal statue (D:14)
  13 ugly things
  A deep elf mage (D:14)
  A cyclops (D:11)
  A centaur zombie (D:13)
  A kobold demonologist (D:8)
  A komodo dragon (D:8)
  2 trolls
  3 meliai
  Grinder (D:4)
  A hornet (D:9)
  3 shadows
  2 vampires
  7 humans (D:13)
  7 wraiths
  2 wyverns
  20 yaks
  A steam dragon (D:7)
  4 hogs (D:12)
  A soldier ant (D:13)
  A water moccasin (D:10)
  7 orc warriors
  2 ice beasts
  3 sky beasts
  3 black bears
  4 phantoms
  3 ogres
  8 centaurs
  10 big kobolds
  9 bullfrogs
  A gnoll sergeant (D:6)
  A wyvern skeleton (D:10)
  2 scorpions
  2 troll zombies (D:11)
  14 wights
  11 killer bees (D:10)
  3 howler monkeys
  A crimson imp (D:9)
  4 hounds
  3 human zombies (D:11)
  5 jellies
  A quasit (D:5)
  A bullfrog zombie (D:10)
  5 orc priests
  Crazy Yiuf (D:3)
  A gnoll shaman (D:6)
  A bullfrog skeleton (D:10)
  2 centaur skeletons
  2 human skeletons (D:11)
  2 iguanas
  10 orc wizards
  11 worker ants
  4 ogre zombies (D:11)
  The ghost of Snicker the Sneak, a weakling DsDe (D:8)
  2 hound skeletons
  3 mummies (D:11)
  A worker ant zombie (D:7)
  Robin (D:2)
  21 adders
  14 gnolls
  2 shadow imps
  3 white imps
  2 ufetubi
  4 oozes
  An adder skeleton (D:9)
  An adder zombie (D:10)
  5 worms
  2 dart slugs
  2 leopard geckos
  39 orcs
  7 bats
  6 giant cockroaches
  18 hobgoblins
  23 jackals
  10 kobolds
  5 quokkas
  2 frilled lizards
  18 goblins
  A goblin skeleton (D:11)
  2 goblin zombies (D:11)
  2 hobgoblin skeletons (D:11)
  5 hobgoblin zombies (D:11)
  A leopard gecko skeleton (D:6)
  A leopard gecko zombie (D:4)
  2 orc skeletons (D:11)
  7 orc zombies (D:11)
  5 rats
442 creatures vanquished.

Vanquished Creatures (others)
  A human (D:13)
  12 fungi (D:8)
  17 plants
30 creatures vanquished.

Grand Total: 472 creatures vanquished

Notes
Turn   | Place    | Note
-------+----------+-------------------------------------------
     0 | D:1      | scsoc the Minotaur Fighter began the quest for the Orb.
     0 | D:1      | Reached XP level 1. HP: 19/19 MP: 0/0
   162 | D:1      | Reached XP level 2. HP: 27/27 MP: 1/1
   515 | D:1      | Reached skill level 4 in Shields
   799 | D:2      | Reached XP level 3. HP: 31/33 MP: 2/2
   867 | D:2      | Noticed Robin
   873 | D:2      | Killed Robin
   950 | D:2      | Reached XP level 4. HP: 39/40 MP: 3/3
  1376 | D:2      | Gained mutation: You are partially covered in yellow
                  | scales. (AC +2) [potion of mutation]
  1376 | D:2      | Gained mutation: Your system is resistant to poisons.
                  | (rPois) [potion of mutation]
  1423 | D:3      | Reached skill level 1 in Dodging
  1423 | D:3      | Reached XP level 5. HP: 21/47 MP: 4/4
  1742 | D:3      | Found a runed translucent door.
  1743 | D:3      | Noticed Crazy Yiuf
  1752 | D:3      | Killed Crazy Yiuf
  1827 | D:3      | Reached skill level 5 in Shields
  1908 | D:4      | Reached XP level 6. HP: 53/53 MP: 5/5
  1920 | D:4      | Noticed Grinder
  1920 | D:4      | Paralysed by Grinder for 3 turns
  1933 | D:4      | Paralysed by Grinder for 7 turns
  1962 | D:4      | Paralysed by Grinder for 4 turns
  1970 | D:4      | Paralysed by Grinder for 5 turns
  1976 | D:4      | Killed Grinder
  1977 | D:4      | Reached skill level 5 in Fighting
  1977 | D:4      | Reached skill level 5 in Long Blades
  1977 | D:4      | Reached skill level 5 in Armour
  1977 | D:4      | Reached XP level 7. HP: 21/61 MP: 6/6
  2324 | D:4      | Reached skill level 6 in Shields
  2603 | D:5      | Entered Level 5 of the Dungeon
  2656 | D:5      | Found an ornate altar of the Wu Jian Council.
  2739 | D:5      | Reached XP level 8. HP: 68/68 MP: 7/7
  2746 | D:5      | Reached skill level 7 in Shields
  3305 | D:6      | Reached skill level 8 in Shields
  3396 | D:6      | Reached XP level 9. HP: 21/75 MP: 8/8
  3925 | D:6      | Found Osont's Weapon Shoppe.
  3983 | D:6      | Found a staircase to the Ecumenical Temple.
  3989 | Temple   | Entered the Ecumenical Temple
  3994 | Temple   | Became a worshipper of Warmaster Okawaru
  4177 | D:6      | Identified a scroll of acquirement
  4177 | D:6      | Acquired a +1 pair of boots of running
  4219 | D:7      | Reached * piety under Okawaru
  4231 | D:7      | Reached skill level 9 in Shields
  4365 | D:7      | Found a stormy altar of Qazlal.
  4403 | D:7      | Reached ** piety under Okawaru
  4503 | D:7      | Found a blossoming altar of Fedhas.
  4518 | D:7      | Found a hide-covered altar of Uskayaw.
  4552 | D:7      | Reached skill level 10 in Long Blades
  4605 | D:7      | Found a bloodstained altar of Trog.
  4773 | D:8      | Reached XP level 10. HP: 86/86 MP: 9/9
  4773 | D:8      | Found a shadowy altar of Dithmenos.
  4814 | D:8      | Reached skill level 5 in Dodging
  4814 | D:8      | Reached *** piety under Okawaru
  5049 | D:8      | Found a runed translucent gate.
  5049 | D:8      | Found a runed translucent gate.
  5049 | D:8      | Found a runed translucent gate.
  5050 | D:8      | Noticed Snicker's ghost (weakling DsDe)
  5054 | D:8      | Identified the cursed +1 whip of Transparent Guile {drain,
                  | rC+ Int+2 Dex-2 Stlth+}
  5153 | D:8      | Found a hazy altar of Hepliaklqana.
  5274 | D:8      | Found a staircase to the Lair.
  5572 | D:8      | Found Amopeil's Gadget Boutique.
  5768 | D:8      | Noticed an orange demon
  5773 | D:8      | Noticed a sun demon
  5811 | D:8      | Reached skill level 10 in Shields
  5827 | D:8      | Killed Snicker's ghost
  6257 | D:9      | Identified the +7 dagger of Babb {speed, rPois Will+ Int-3
                  | Dex+2}
  6530 | D:9      | Reached **** piety under Okawaru
  6608 | D:10     | Entered Level 10 of the Dungeon
  6679 | D:10     | Reached skill level 1 in Short Blades
  6752 | D:10     | Reached XP level 11. HP: 74/94 MP: 10/10
  6903 | D:10     | Reached ***** piety under Okawaru
  6915 | D:10     | Reached skill level 11 in Shields
  7060 | D:10     | Found Vaerghal's Lightly-Used Armoury.
  7647 | D:11     | Noticed a two-headed ogre
  7663 | D:11     | Killed a two-headed ogre
  7664 | D:11     | Reached skill level 5 in Short Blades
  7686 | D:11     | Found a staircase to the Orcish Mines.
  7712 | D:11     | Noticed Fannar
  7857 | D:11     | Killed Fannar
  7857 | D:11     | Received a gift from Okawaru
  7950 | D:11     | Noticed an eight-headed hydra
  7960 | D:11     | Killed an eight-headed hydra
  8085 | D:11     | Noticed Snorg
  8122 | D:11     | HP: 2/142 [Snorg (12)]
  8124 | D:11     | Killed Snorg
  8125 | D:11     | Reached skill level 1 in Stealth
  8125 | D:11     | Reached skill level 12 in Shields
  8617 | D:11     | Found an ancient bone altar of Kikubaaqudgha.
  8958 | D:12     | Found Yfinopp's Magic Scroll Boutique.
  8972 | D:12     | Noticed a five-headed hydra
  8986 | D:12     | Killed a five-headed hydra
  8987 | D:12     | Reached skill level 10 in Armour
  8996 | D:12     | Bought a scroll of acquirement for 572 gold pieces
  8996 | D:12     | Bought a scroll of identify for 22 gold pieces
  8996 | D:12     | Bought a scroll of remove curse for 33 gold pieces
  8996 | D:12     | Bought a scroll of remove curse for 33 gold pieces
  8996 | D:12     | Acquired a manual of Fighting
  9067 | D:12     | Noticed Kirke
  9088 | D:12     | Received a gift from Okawaru
  9089 | D:12     | Reached XP level 12. HP: 105/105 MP: 11/11
  9102 | D:12     | Noticed a sphinx
  9133 | D:12     | Killed Kirke
  9134 | D:12     | Reached skill level 10 in Fighting
  9181 | D:12     | Noticed Nergalle
  9208 | D:12     | Killed Nergalle
  9860 | D:13     | Noticed a vault guard
  9861 | D:13     | Noticed a vault guard
  9868 | D:13     | Noticed a vault guard
  9878 | D:13     | Noticed a vault guard
  9896 | D:13     | Killed a vault guard
  9896 | D:13     | Received a gift from Okawaru
  9897 | D:13     | Reached skill level 13 in Shields
  9918 | D:13     | Killed a vault guard
  9934 | D:13     | Killed a vault guard
  9985 | D:13     | Killed a vault guard
  9985 | D:13     | Reached ****** piety under Okawaru
 10011 | D:13     | Found a gate to the Vaults.
 10241 | D:13     | You fall into a shaft and drop 2 floors!
 10241 | D:15     | Entered Level 15 of the Dungeon
 10251 | D:14     | Noticed Josephine
 10287 | D:14     | Killed Josephine
 10288 | D:14     | Reached skill level 10 in Short Blades
 10769 | D:14     | Reached XP level 13. HP: 95/118 MP: 12/12
 10888 | D:14     | Found Vugoigh's Assorted Antiques.
 10895 | D:14     | Bought a pitted sapphire amulet for 165 gold pieces
 10895 | D:14     | Identified the amulet "Qias" {rC+ Regen+ Int+6 Dex-5} (You
                  | bought it in a shop on level 14 of the Dungeon)
 10954 | D:14     | Reached skill level 14 in Shields
 11320 | D:14     | Noticed Azrael
 11321 | D:14     | Noticed Agnes
 11343 | D:14     | HP: 5/119 [Azrael/damnation (27)]
 11348 | D:14     | Slain by Azrael

Illustrated notes

Levels and vault maps discovered:
D:1:      evilmike_arrival_plus, layout_basic, chequers_serial_rivers_small_3,
          minmay_tree_intersection, minmay_fountain_box, bh_walls_and_bars
D:2:      layout_rooms, hangedman_abyss_or_decor_lesser_grid,
          minmay_misc_feat_doors, minmay_box_of_dots, uniq_robin
D:3:      layout_rooms, uniq_crazy_yiuf_cottage
D:4:      minmay_clustersquares, layout_rooms, kennysheep_generic_room_5,
          uniq_grinder
D:5:      layout_basic, lemuel_doored_altar
D:6:      kennysheep_housing_project, layout_loops_cross,
          minmay_temple_entry_statues, serial_shops, kennysheep_mini,
          kennysheep_minor_cross
D:7:      layout_gridville, nicolae_qazlal_general_emergency, fedhas_altar_2,
          old_standard_altar, nicolae_overflow_hidden_temple
D:8:      layout_basic, marbit_many_paths, grunt_lair_entry_orc_guard_hut,
          gammafunk_ghost_nasty_kobolds, serial_shops, shop,
          nicolae_dithmenos_shadow_blocks
D:9:      layout_cave_pools, minmay_fire_ice_demons
D:10:     layout_roguey, minmay_shop_damaged
D:11:     layout_loops_ring, zombieorc1_lemuel,
          lemuel_mausoleum_altar_kikubaaqudgha, uniq_snorg, uniq_fannar
D:12:     layout_long_grid, serial_shops, shop_fountains, uniq_nergalle,
          uniq_kirke
D:13:     layout_small_grid, ximxim_vaults_locker_room
D:14:     layout_basic, serial_shops, shop, roderic_serpentine_path,
          minivault_16, item_on_display_a, uniq_josephine, uniq_azrael,
          uniq_agnes
D:15:     gammafunk_enter_depths_forms, layout_cave_pools,
          minmay_misc_feat_columns, uniq_roxanne
Temple:   nicolae_temple_elliptical

Skill      XL: |  1  2  3  4  5  6  7  8  9 10 11 12 13 |
---------------+----------------------------------------+-----
Armour         | 4 5 6 8 10 11 | 11.2
Fighting       | 4 5 6 7 8 9 12 | 12.7
Shields        | 4 5 6 8 9 10 12 13 14 | 14.1
Long Blades    | 3 4 5 6 8 10 11 | 11.7
Dodging        | 1 2 3 4 5 6 |  6.4
Short Blades   | 2 7 10 | 10.6
Stealth        | 1 |  1.2

Action                   |  1- 3 |  4- 6 |  7- 9 | 10-12 | 13-15 || total
-------------------------+-------+-------+-------+-------+-------++-------
Melee: Long sword        |    92 |   140 |   392 |   236 |       ||   860
       Headbutt          |     8 |    23 |    92 |   354 |    73 ||   550
       Dagger            |       |       |       |  1140 |   211 ||  1351
  Use: Scroll            |     2 |     5 |     1 |    16 |     1 ||    25
       Potion            |     1 |     6 |     2 |     8 |     1 ||    18
 Stab: Invisible         |       |       |       |     1 |       ||     1
Armor: Scale mail        |    37 |       |       |       |       ||    37
       Chain mail        |     5 |   120 |   205 |    28 |       ||   358
       Skin              |       |    64 |       |    18 |       ||    82
       Plate armour      |       |       |       |   182 |    29 ||   211
Dodge: Dodged            |    30 |    46 |   210 |   207 |    36 ||   529
       Repelled          |       |       |     1 |     1 |       ||     2
Block: Kite shield       |    52 |   102 |   270 |   449 |    72 ||   945
       Rpst.: Long sword |     6 |    13 |    54 |    12 |       ||    85
